 Dungeon Crawl Stone Soup version 0.27.1-34-g3ba077fa99 (webtiles) character file.

Game seed: 14137309792529006685

32 halfoni the Skirmisher (level 3, 40/40 HPs)
             Began as an Ogre Berserker on Jan 10, 2022.
             Was a Follower of Trog.
             Quit the game on level 2 of the Dungeon.
             The game lasted 00:02:49 (735 turns).

halfoni the Skirmisher (Ogre Berserker)              Turns: 735, Time: 00:02:49

Health: 40/40      AC:  3    Str: 22    XL:     3   Next: 25%
Magic:  3/3        EV: 10    Int:  8    God:    Trog [*.....]
Gold:   51         SH:  0    Dex:  8    Spells: 2/2 levels left

rFire    . . .     SeeInvis .   a - +0 hand axe
rCold    + . .     Faith    .   (no shield)
rNeg     . . .     Spirit   .   b - +0 animal skin
rPois    .         Reflect  .   (helmet restricted)
rElec    .         Harm     .   (no cloak)
rCorr    .         Rampage  .   (gloves unavailable)
Will     .....                  (boots unavailable)
Stlth    +.........             (no amulet)
HPRegen  0.13/turn              c - ring of protection from cold
MPRegen  0.08/turn              (no ring)

@: no status effects
A: large, unfitting armour, tough skin 1
a: Renounce Religion, Berserk


You were on level 2 of the Dungeon.
You worshipped Trog.
Trog was aware of your devotion.
You visited 1 branch of the dungeon, and saw 2 of its levels.

You collected 51 gold pieces.

Inventory:

Hand Weapons
 a - a +0 hand axe (weapon)
Armour
 b - a +0 animal skin (worn)
Jewellery
 c - a ring of protection from cold (left hand)


   Skills:
 + Level 4.3 Fighting
 * Level 3.6 Axes
 * Level 0.4 Armour
 + Level 3.0 Dodging


You had 2 spell levels left.
You didn't know any spells.
Your spell library was empty.

Dungeon Overview and Level Annotations

Branches:
Dungeon (2/15)

Altars:

Shops:
D:1 ?


Innate Abilities, Weirdness & Mutations

You are too large for most types of armour.
You have tough skin. (AC +1)


Message History

A hobgoblin comes into view.
You hit the giant cockroach.
You kill the giant cockroach!
Trog accepts your kill.
You hit the frilled lizard.
You kill the frilled lizard!
Trog accepts your kill.
No target in view!
No target in view!
No target in view!
No target in view!
No target in view!
No target in view!
No target in view!
No target in view!
No target in view!
No target in view!
No target in view!
No target in view!
No target in view!
No target in view!
No target in view!
No target in view!
No target in view!
No target in view!
Okay, then.
Unknown command.
Annotate which branch? (. - D:2, ? - help, ! - show branch list)
Okay, then.
Char dumped successfully.
You have 51 gold pieces.
Unknown command.
No quiver actions available for cycling.
Use Q to select from all actions.
Unknown command.
Okay, then.
It was a potion of curing.
You feel better.
A nearby plant withers and dies.
You aren't carrying any potions.
Nothing quivered!
Are you sure you want to abandon this character and quit the game? (Confirm with "yes".)

..... ...# #..≈≈≈≈≈≈♣#
†#.# #..≈P≈≈$≈.# ...#
#.♣g≈≈≈≈♣.# .#<#
#.♣≈≈≈.≈≈♣ .#.####
#..≈≈.≈?≈##
.........#####....≈....#
...........<...##†.P..###
.####..# #.!.@........ .#
#..# ##)##########
.####..#######.###
.................#
.####.................
..........#########...
..........# ##
#####.....# #######


There were no monsters in sight!

Vanquished Creatures
  2 dart slugs (D:1)
  An endoplasm (D:1)
  4 giant cockroaches
  4 goblins (D:1)
  5 hobgoblins
  2 kobolds (D:1)
  2 ball pythons (D:1)
  2 bats
  A frilled lizard (D:2)
  2 rats (D:1)
25 creatures vanquished.

Vanquished Creatures (others)
  A plant (D:2)
  A withered plant (D:1)
2 creatures vanquished.

Grand Total: 27 creatures vanquished

Notes
Turn   | Place    | Note
-------+----------+-------------------------------------------
     0 | D:1      | halfoni the Ogre Berserker began the quest for the Orb.
     0 | D:1      | Reached XP level 1. HP: 24/24 MP: 1/1
    58 | D:1      | Found Ritroub's Magic Scroll Boutique.
   119 | D:1      | You fall into a shaft and drop 1 floor!
   154 | D:2      | Reached XP level 2. HP: 31/32 MP: 2/2
   179 | D:1      | Found a faded altar of an unknown god.
   512 | D:1      | Reached XP level 3. HP: 38/40 MP: 3/3
   735 | D:2      | Quit the game

Illustrated notes

Levels and vault maps discovered:
D:1:      pf_arrival_petrified_forest, layout_rooms, serial_shops, shop_statue,
          ebering_ecumenical_altar_petrified, minmay_bisected
D:2:      layout_loops_ring, corexii_corridor_pit, serial_bayou_pond_b

Skill      XL: |  1  2 |
---------------+-------+-----
Dodging        | 3 |  3.0
Fighting       | |  4.3
Axes           | |  3.6
Armour         | |  0.4

Action                   || total
-------------------------++-------
Melee: Hand axe          ||    61
  Use: Scroll            ||     1
       Potion            ||     1
Armor: Animal skin       ||    21
Dodge: Dodged            ||    40
